cohdb
Replays
Latest Replays
All Replays
Popular Replays
Top Player Replays
Match Explorer
How It Works
Community
CoH3 Stats
Reddit
Sign in to upload your games and track your stats! →
Sign in with Steam
Match 42385163
Unlisted
Match 42385163
Overview
Messages
Build Orders
End
Kradschützen Motorcycle Team
Selects Panzerjäger Kommand Battlegroup
Selects Mine Fields
Panzergrenadier Squad
Panzergrenadier Squad
250 Light Carrier
Construct Light Support Kompanie
MG34 Team
Fire Support Elements
le.IG 18 Mechanized Group
Assault Grenadier Squad
Selects Defensive Positions
Construct Panzerarmee Kommand
Selects Butterfly Bomb Drop
Butterfly Bomb Drop
Assault Mechanized Group
Panzer III L Medium Tank
Butterfly Bomb Drop
Selects Tank Busters
Selects Crew Shock Tactics
Selects Anti-tank Overwatch
Panzer III L Medium Tank
سَۨفُـيٰانۨوٰس
mohamedkerdaoui
Szpilok
STEEL BRO
0
0
Comments
sign in to comment!
No comments posted yet!